 Dungeon Crawl Stone Soup version 0.20.1-1-g8b1a95d (webtiles) character file.

94 raph the Firebug (level 4, 0/25 HPs)
             Began as a Deep Elf Fire Elementalist on Oct 13, 2017.
             Was an Initiate of Vehumet.
             Succumbed to an adder's poison
             ... on level 2 of the Dungeon.
             The game lasted 00:05:09 (2305 turns).

raph the Firebug (Deep Elf Fire Elementalist)       Turns: 2305, Time: 00:05:10

Health: 0/25       AC:  4    Str: 10    XL:     4   Next: 38%
Magic:  5/11       EV: 13    Int: 26    God:    Vehumet [......]
Gold:   59         SH:  0    Dex: 15    Spells: 4/10 levels left

rFire    . . .     SeeInvis .   k - +1 dagger (drain)
rCold    . . .     Gourm    .   (no shield)
rNeg     . . .     Faith    .   a - +0 robe
rPois    .         Spirit   .   i - +0 helmet
rElec    .         Reflect  .   (no cloak)
rCorr    .         Harm     .   (no gloves)
MR       .....                  q - +0 pair of boots
Stlth    ++........             (no amulet)
Regen    0.1/turn               (no ring)
MPRegen  0.2/turn               (no ring)

@: mighty, brilliant, lethally poisoned (0 -> -1), drained
A: no striking features
a: Renounce Religion


You were on level 2 of the Dungeon.
You worshipped Vehumet.
Vehumet was noncommittal.
You were not hungry.

You visited 1 branch of the dungeon, and saw 2 of its levels.

You collected 59 gold pieces.

Inventory:

Hand Weapons
 k - a +1 dagger of draining (weapon)
Missiles
 n - a throwing net (quivered)
Armour
 a - a +0 robe (worn)
 i - a +0 helmet (worn)
 q - a +0 pair of boots (worn)
Jewellery
 d - an uncursed ring of ice
Scrolls
 h - a scroll of recharging {unknown}
 j - 2 scrolls of teleportation {unknown}
 l - a scroll of identify {unknown}
 m - a scroll of remove curse {unknown}
 p - a scroll of magic mapping {unknown}
Books
 b - a book of Flames

   Spells                             Type                      Level
   a - Flame Tongue                   Conjuration/Fire             1
   b - Throw Flame                    Conjuration/Fire             2
   c - Conjure Flame                  Conjuration/Fire             3
   d - Inner Flame                    Hexes/Fire                   3
   e - Sticky Flame                   Conjuration/Fire             4
   f - Fireball                       Conjuration/Fire             5
Comestibles
 c - a bread ration
 g - 2 royal jellies


   Skills:
 + Level 1.1(0.5) Fighting
 + Level 3.1(2.4) Dodging
 - Level 2.4(1.7) Stealth
 + Level 3.5(2.8) Spellcasting
 * Level 2.8(2.1) Conjurations
 * Level 4.0(3.3) Fire Magic


You had 4 spell levels left.
You knew the following spells:

 Your Spells              Type           Power        Failure   Level  Hunger
a - Flame Tongue          Conj/Fire      ####.        1%          1    None
b - Throw Flame           Conj/Fire      ####..       1%          2    ##.....
c - Conjure Flame         Conj/Fire      ####....     1%          3    ###....


Dungeon Overview and Level Annotations

Branches:
Dungeon (2/15)

Altars:
Dithmenos
Vehumet

Annotations:
D:2 tresors


Message History

Forget which spell ([?*] list [ESC] exit)?
Okay, then.
* * * LOW HITPOINT WARNING * * *
You feel sick.
* * * LOW HITPOINT WARNING * * *
You feel sick.
Your magical contamination has completely faded away.
Found a short sword.
* * * LOW HITPOINT WARNING * * *
You feel sick.
Found a stone staircase leading down.
* * * LOW HITPOINT WARNING * * *
You feel sick.
You aren't carrying any potions.
A kobold comes into view. It is wielding a dagger.
A rat comes into view.
Found a royal jelly.
* * * LOW HITPOINT WARNING * * *
You feel sick.
You die...

.... ....##..# ......
#... .#......###......
# .. .......).........
# # ................. #
.......>....r.... #
.................
.............#### ...
.............# ...
.......@.....# #.#
.............# #.#
......%......# #.#
.............# #.#
.............# #.#
.............#
#####.##########.######
)............ ..#
#####.#######


You could see a rat.

Vanquished Creatures
  4 gnolls (D:2)
  4 adders (D:2)
  A giant cockroach (D:2)
  3 goblins (D:1)
  A ball python (D:1)
  3 bats
  A frilled lizard (D:1)
  5 kobolds
  6 rats
28 creatures vanquished.

Notes
Turn   | Place    | Note
-------+----------+-------------------------------------------
     0 | D:1      | raph the Deep Elf Fire Elementalist began the quest for the Orb.
     0 | D:1      | Reached XP level 1. HP: 10/10 MP: 6/6
   780 | D:1      | Reached XP level 2. HP: 10/15 MP: 4/8
  1273 | D:2      | Found a radiant altar of Vehumet.
  1281 | D:2      | Became a worshipper of Vehumet
  1335 | D:2      | Learned a level 2 spell: Throw Flame
  1339 | D:2      | Reached XP level 3. HP: 20/20 MP: 4/9
  1386 | D:2      | Found a shadowy altar of Dithmenos.
  1704 | D:2      | Learned a level 3 spell: Conjure Flame
  1861 | D:2      | Reached skill level 1 in Fighting
  1861 | D:2      | Reached XP level 4. HP: 25/25 MP: 4/11
  2271 | D:2      | Reached skill level 4 in Fire Magic
  2297 | D:2      | HP: 1/25 [poisoned by an adder]
  2305 | D:2      | Succumbed to an adder's poison

Skill      XL: |  1  2  3  4 |
---------------+-------------+-----
Conjurations   | 2 |  2.8
Dodging        | 3 |  3.1
Fighting       | 1 |  1.1
Fire Magic     | 4 |  4.0
Stealth        | |  2.4
Spellcasting   | |  3.5

Action                   |  1- 3 |  4- 6 || total
-------------------------+-------+-------++-------
Melee: Dagger            |    12 |       ||    12
 Cast: Flame Tongue      |    41 |    10 ||    51
       Throw Flame       |     4 |     3 ||     7
  Use: Potion            |       |     2 ||     2
       Scroll            |       |     1 ||     1
  Eat: Chunk             |     3 |       ||     3
       Meat ration       |       |     1 ||     1
Armor: Robe              |     4 |     2 ||     6
Dodge: Dodged            |    28 |     1 ||    29
